[Event "Titled Tuesday Blitz April 4 Late 2023"]
[White "Baskakov, Egor"]
[Black "Tsvetkov, Andrey"]
[WhiteFideId "24197866"]
[BlackFideId "34139360"]
[WhiteElo "2212"]
[BlackElo "2319"]
[Result "0-1"]
[Round "05"]
[TimeControl "180+2"]
[Date "2023.04.04"]
[WhiteClock "0:01:49"]
[BlackClock "0:00:31"]

1. e4 c5 2. Nf3 d6 3. d4 cxd4 4. Nxd4 Nf6 5. Nc3 a6 6. a4 g6 7. g3 Bg7 8. Bg2 O-O 9. h3 Qc7 10. Nd5 Nxd5 11. exd5 Nd7 12. a5 b6 13. axb6 Qxb6 14. Nc6 Re8 15. O-O Bb7 16. Ra3 Qc7 17. Rc3 Bxc3 18. bxc3 Bxc6 19. dxc6 Ne5 20. c4 Nxc6 21. Bb2 Rab8 22. Ba1 Ne5 23. Bd5 e6 24. Bg2 Red8 25. f4 Nxc4 26. Kh1 Qc5 27. Bd4 Qa3 28. g4 Ne3 29. Rf3 Nxd1 30. Rxa3 Rdc8 31. Rxa6 Rxc2 32. Rxd6 Rd2 33. Kg1 Ne3 34. Be4 Nc2 35. Be5 Rb1# 0-1


[Site "https://www.chess.com"]

[Event "Titled Tuesday Blitz April 4 Late 2023"]
[White "Gegenfurtner, Juergen"]
[Black "Maksimovic, Bojan"]
[WhiteFideId "24632147"]
[BlackFideId "14408120"]
[WhiteElo "2398"]
[BlackElo "2468"]
[Result "0-1"]
[Round "05"]
[TimeControl "180+2"]
[Date "2023.04.04"]
[WhiteClock "0:00:01"]
[BlackClock "0:00:02"]

1. d4 Nf6 2. c4 g6 3. Nf3 Bg7 4. Nc3 O-O 5. e4 d6 6. Be2 Nbd7 7. Be3 e5 8. O-O c6 9. d5 c5 10. Nd2 Kh8 11. a3 Ng8 12. b4 b6 13. f3 f5 14. Nb5 Ndf6 15. bxc5 bxc5 16. Rb1 Bh6 17. Qb3 Bxe3+ 18. Qxe3 f4 19. Qd3 g5 20. g4 fxg3 21. hxg3 h5 22. Kg2 h4 23. Rh1 Nh5 24. Nf1 Kg7 25. f4 exf4 26. Bxh5 fxg3 27. Qc3+ Nf6 28. Ne3 a6 29. Nxd6 Qxd6 30. e5 Ne4 31. exd6+ Nxc3 32. Rbf1 Bd7 33. Bg4 Bxg4 34. Nxg4 Ne4 35. d7 Nd6 36. Ne5 Nf5 37. Re1 Nh6 38. Re2 Rad8 39. Rb1 Rf5 40. Rb6 g4 41. Rg6+ Kh7 42. Rxh6+ Kxh6 43. Nxg4+ Kg5 44. Ne5 Kf6 45. Ng4+ Kf7 46. Ne5+ Kg7 47. Ng4 Rxd7 48. Re6 Rdf7 49. d6 Rg5 50. Ne5 Rf2+ 51. Kg1 Rd2 52. d7 g2 53. Re7+ Kf6 0-1


[Site "https://www.chess.com"]

[Event "Titled Tuesday Blitz April 4 Late 2023"]
[White "Alex_Sahakyan2006"]
[Black "Mammadov, Zaur"]
[BlackFideId "13401033"]
[WhiteElo "2624"]
[BlackElo "2441"]
[Result "0-1"]
[Round "05"]
[TimeControl "180+2"]
[Date "2023.04.04"]
[WhiteClock "0:00:11"]
[BlackClock "0:00:35"]

1. Nf3 d5 2. d4 Nf6 3. Bf4 c5 4. e3 cxd4 5. exd4 Nc6 6. c3 Bg4 7. Nbd2 e6 8. Qb3 Qc8 9. h3 Bh5 10. Bd3 Be7 11. O-O O-O 12. Rae1 a6 13. Ne5 Nxe5 14. Bxe5 b5 15. f4 Bg6 16. Bxg6 hxg6 17. Bxf6 Bxf6 18. Nf3 Rb8 19. a3 a5 20. Rc1 Qc7 21. Ne5 Rfc8 22. Qd1 Qb7 23. Nd3 Be7 24. b4 Ra8 25. Nc5 Qc6 26. Ra1 Ra7 27. Qd3 Rca8 28. a4 bxa4 29. b5 Qd6 30. Nxa4 Rc7 31. b6 Rc4 32. b7 Rb8 33. Rfb1 Qc7 34. Nb6 Rxc3 35. Qa6 Rxb7 36. Qxa5 Rc2 37. Qa4 Rxb6 38. Rxb6 Qxb6 39. Qe8+ Bf8 40. Ra8 Qxd4+ 41. Kh1 Rc1+ 0-1


[Site "https://www.chess.com"]

[Event "Titled Tuesday Blitz April 4 Late 2023"]
[White "Postnikov, Daniil"]
[Black "Urazayev, Arystanbek"]
[WhiteFideId "4166329"]
[BlackFideId "13709810"]
[WhiteElo "2261"]
[BlackElo "2449"]
[Result "0-1"]
[Round "05"]
[TimeControl "180+2"]
[Date "2023.04.04"]
[WhiteClock "0:00:03"]
[BlackClock "0:00:33"]

1. e4 c6 2. d4 d5 3. e5 c5 4. Nf3 cxd4 5. Qxd4 Nc6 6. Qf4 e6 7. Nc3 Nb4 8. Bd3 Nxd3+ 9. cxd3 Ne7 10. O-O Ng6 11. Qg3 Be7 12. Ne2 O-O 13. Nf4 Nxf4 14. Bxf4 Bd7 15. Bh6 g6 16. Bxf8 Qxf8 17. Qf4 Bb5 18. Rfd1 Rc8 19. Nd4 Ba6 20. Rac1 Bc5 21. Nb3 Bb6 22. Rxc8 Qxc8 23. Rc1 Qd8 24. Qf6 Qf8 25. d4 Bc4 26. Nc5 Bxc5 27. dxc5 Qh6 28. f4 Qh5 29. h3 Qe2 30. Kh2 Qf2 31. b3 Bf1 32. Qg5 Bxg2 33. Qg3 Qd2 34. Qc3 Qxf4+ 35. Kxg2 d4 36. Qe1 Qg5+ 37. Kh1 Qf5 38. Qg3 d3 39. Rd1 Qe4+ 40. Kg1 Qd4+ 41. Kh2 d2 42. Kh1 Qe4+ 43. Qg2 Qe1+ 44. Qg1 Qe4+ 45. Kh2 Qxe5+ 46. Qg3 Qe2+ 47. Qg2 Qxd1 0-1


[Site "https://www.chess.com"]

[Event "Titled Tuesday Blitz April 4 Late 2023"]
[White "Timmermans, Mark"]
[Black "Poltorak, Sebastian"]
[WhiteFideId "1026399"]
[BlackFideId "1199498"]
[WhiteElo "2460"]
[BlackElo "2195"]
[Result "1-0"]
[Round "05"]
[TimeControl "180+2"]
[Date "2023.04.04"]
[WhiteClock "0:01:35"]
[BlackClock "0:00:04"]

1. e4 c6 2. c4 d5 3. exd5 cxd5 4. cxd5 Nf6 5. Nc3 Nxd5 6. Nf3 Nc6 7. Bb5 Nxc3 8. bxc3 Bd7 9. O-O e6 10. d4 Be7 11. Bd3 O-O 12. Re1 Rc8 13. Qe2 Qa5 14. Bd2 Qh5 15. h3 Rfd8 16. Rab1 b6 17. Rb5 e5 18. Nxe5 Qxe2 19. Rxe2 Nxd4 20. cxd4 Bxb5 21. Bxb5 Bf6 22. Nc6 Rd5 23. a4 a5 24. Bf4 g6 25. Be5 Kg7 26. Kh2 Rf8 27. f4 Re8 28. g4 Bxe5 29. dxe5 Rc8 30. Ne7 1-0


[Site "https://www.chess.com"]

[Event "Titled Tuesday Blitz April 4 Late 2023"]
[White "Petrovic, Aleksa"]
[Black "Pichot, Alan"]
[WhiteFideId "967629"]
[BlackFideId "110973"]
[WhiteElo "2309"]
[BlackElo "2573"]
[Result "0-1"]
[Round "05"]
[TimeControl "180+2"]
[Date "2023.04.04"]
[WhiteClock "0:00:02"]
[BlackClock "0:00:08"]

1. d4 Nf6 2. c4 e6 3. Nf3 Bb4+ 4. Bd2 a5 5. g3 b6 6. Bg2 Bb7 7. O-O O-O 8. Bf4 Be7 9. Nc3 Ne4 10. Na4 Nf6 11. Nc3 Ne4 12. Na4 Ra7 13. Rc1 Na6 14. Qd3 Qa8 15. Rfd1 Nf6 16. Nc3 Qd8 17. e4 d6 18. Qe2 Nd7 19. e5 dxe5 20. dxe5 Qc8 21. h4 Nac5 22. h5 Bc6 23. h6 g6 24. Rd2 Qb7 25. Rcd1 Raa8 26. Nb5 Rad8 27. Nbd4 Be4 28. Qe3 f6 29. exf6 Nxf6 30. Bh3 Rfe8 31. Ng5 Bd6 32. Ndxe6 Bf5 33. Bxf5 gxf5 34. Bxd6 Rxd6 35. Rxd6 cxd6 36. Nxc5 dxc5 37. Qc3 Qe7 38. Nf3 Ne4 39. Qd3 Qf6 40. Qd5+ Qf7 41. Qc6 Qg6 42. Qb7 Nf6 43. Nh4 Qg4 44. Rd7 Nxd7 45. Qxd7 Re1+ 46. Kh2 Qg5 47. Qc8+ Kf7 48. Qd7+ Re7 49. Qd5+ Kf8 50. Nxf5 Qh5+ 51. Kg2 Re8 52. Qd6+ Kg8 53. Ne7+ Kf7 54. Nd5 Qe5 55. Qd7+ Kg6 56. Qg4+ Kxh6 57. Qh4+ Kg6 58. Qg4+ Kf7 59. Qf3+ Kg8 60. Qg4+ Kh8 61. Qd7 Qe4+ 62. Kh2 Qe6 63. Qc7 Rf8 64. f4 Qe2+ 65. Kh3 Qh5+ 66. Kg2 Re8 67. Ne7 Qe2+ 68. Kh3 Qxe7 69. Qxb6 Qe6+ 70. Qxe6 Rxe6 0-1


[Site "https://www.chess.com"]

[Event "Titled Tuesday Blitz April 4 Late 2023"]
[White "Castellanos Rodriguez, Renier"]
[Black "Loiacono, Antonio"]
[WhiteFideId "3404650"]
[BlackFideId "895415"]
[WhiteElo "2597"]
[BlackElo "2257"]
[Result "1-0"]
[Round "05"]
[TimeControl "180+2"]
[Date "2023.04.04"]
[WhiteClock "0:01:04"]
[BlackClock "0:00:32"]

1. c4 c6 2. Nf3 d5 3. d4 Nf6 4. e3 Bg4 5. h3 Bh5 6. Nc3 e6 7. g4 Bg6 8. Nh4 Be7 9. Bd2 Nbd7 10. Qb3 Qb6 11. Nxg6 hxg6 12. Bg2 g5 13. O-O Qc7 14. Rfe1 Nb6 15. cxd5 cxd5 16. e4 dxe4 17. Nxe4 Nxe4 18. Bxe4 O-O 19. Rac1 Qd7 20. Be3 Bf6 21. Red1 Rfd8 22. Rc5 Rac8 23. Bf3 Nd5 24. Bxd5 exd5 25. Rdc1 Rxc5 26. Rxc5 b6 27. Rc3 Qe6 28. Qc2 g6 29. Rc6 Rd6 30. Rc8+ Kg7 31. Qc7 Bd8 32. Rxd8 Rc6 33. Qe5+ 1-0


[Site "https://www.chess.com"]

[Event "Titled Tuesday Blitz April 4 Late 2023"]
[White "Gokerkan, Cem Kaan"]
[Black "Roebers, Eline"]
[WhiteFideId "6336760"]
[BlackFideId "1058401"]
[WhiteElo "2365"]
[BlackElo "2525"]
[Result "1-0"]
[Round "05"]
[TimeControl "180+2"]
[Date "2023.04.04"]
[WhiteClock "0:00:37"]
[BlackClock "0:00:38"]

1. e4 c5 2. Nf3 e6 3. c3 Nf6 4. e5 Nd5 5. d4 cxd4 6. cxd4 d6 7. Bc4 Nb6 8. Bd3 Nc6 9. O-O Be7 10. Nc3 a6 11. Qe2 O-O 12. Bf4 Nd5 13. Qe4 f5 14. exf6 Nxf6 15. Qe2 h6 16. Rfe1 Nb4 17. Bc4 Nbd5 18. Nxd5 Nxd5 19. Bxh6 Bf6 20. Bd2 Nc7 21. Rac1 b5 22. Bd3 Bb7 23. Be4 Nd5 24. Bb1 Re8 25. Qe4 Rc8 26. Qh7+ Kf8 27. Bg6 Ke7 28. Bxe8 Qxe8 29. Rxe6+ Kxe6 30. Re1+ Kf7 31. Qh5+ Kf8 32. Rxe8+ Rxe8 33. h3 Nb6 34. Bg5 Nd5 35. Bxf6 Nxf6 36. Qf5 Be4 37. Qf4 1-0


[Site "https://www.chess.com"]

[Event "Titled Tuesday Blitz April 4 Late 2023"]
[White "Bellahcene, Bilel"]
[Black "Holt, Conrad"]
[WhiteFideId "696358"]
[BlackFideId "2034387"]
[WhiteElo "2566"]
[BlackElo "2592"]
[Result "0-1"]
[Round "05"]
[TimeControl "180+2"]
[Date "2023.04.04"]
[WhiteClock "0:00:01"]
[BlackClock "0:00:11"]

1. e4 e6 2. d4 d5 3. Nc3 Nf6 4. e5 Nfd7 5. f4 c5 6. Nf3 Nc6 7. Be3 cxd4 8. Nxd4 Bc5 9. Qd2 O-O 10. O-O-O a6 11. h4 Nxd4 12. Bxd4 b5 13. Rh3 b4 14. Ne2 a5 15. Kb1 Ba6 16. h5 a4 17. h6 g6 18. Bxc5 Nxc5 19. Qxb4 Ne4 20. Qd4 Qc7 21. Nc3 Rfc8 22. Bxa6 Rxa6 23. Rc1 Nc5 24. Nb5 Qa5 25. Nd6 Rb8 26. c4 Rab6 27. Nb5 Ne4 28. Rd3 Qb4 29. a3 Qf8 30. Rc2 Nc5 31. Rh3 Nb3 32. Qc3 Qc5 33. Rh1 dxc4 34. Nd6 Na5 35. Ne4 Qb5 36. Nd6 Qa6 37. Rd1 Rb3 38. Qd4 c3 39. Nc4 Nc6 40. Qd6 Qxc4 41. Rxc3 Qxc3 0-1


[Site "https://www.chess.com"]

[Event "Titled Tuesday Blitz April 4 Late 2023"]
[White "Tworuszka, Michal"]
[Black "Goltsev, Dmitry"]
[WhiteFideId "1117858"]
[BlackFideId "24176710"]
[WhiteElo "2486"]
[BlackElo "2336"]
[Result "0-1"]
[Round "05"]
[TimeControl "180+2"]
[Date "2023.04.04"]
[WhiteClock "0:00:01"]
[BlackClock "0:00:12"]

1. d4 Nf6 2. c4 e6 3. Nf3 Bb4+ 4. Bd2 Be7 5. g3 b6 6. Bg2 Ba6 7. Qc2 d5 8. O-O Bxc4 9. Bf4 c6 10. Ne5 Ba6 11. Nxc6 Nxc6 12. Qxc6+ Nd7 13. Nc3 O-O 14. Qa4 Bc4 15. e4 Bxf1 16. Rxf1 Nf6 17. exd5 Nxd5 18. Nxd5 exd5 19. Qb3 Bf6 20. Bxd5 Rc8 21. Rd1 Qd7 22. Bf3 Qf5 23. d5 Qc2 24. d6 Rfd8 25. h4 Qf5 26. Bd5 Bxh4 27. Bb7 Rb8 28. Bc6 Bg5 29. Rd5 Qb1+ 30. Rd1 Qg6 31. Be5 Rbc8 32. Qd5 Qc2 33. Bb7 Rc5 0-1


[Site "https://www.chess.com"]

[Event "Titled Tuesday Blitz April 4 Late 2023"]
[White "Jimenez Jimenez, Leandro"]
[Black "Makridis, Dimitrios"]
[WhiteFideId "6415253"]
[BlackFideId "25864475"]
[WhiteElo "2263"]
[BlackElo "2277"]
[Result "1/2-1/2"]
[Round "05"]
[TimeControl "180+2"]
[Date "2023.04.04"]
[WhiteClock "0:00:07"]
[BlackClock "0:00:17"]

1. d4 Nf6 2. c4 e6 3. Nf3 c5 4. g3 cxd4 5. Nxd4 d5 6. Bg2 e5 7. Nf3 d4 8. O-O Nc6 9. e3 Be7 10. exd4 exd4 11. b3 O-O 12. Bb2 d3 13. Nc3 h6 14. Re1 Bf5 15. Ne5 Nxe5 16. Rxe5 Bg6 17. Nd5 Nxd5 18. Rxd5 Qc8 19. Qd2 Rd8 20. Re1 Bf8 21. Rxd8 Qxd8 22. Bxb7 Rb8 23. Bd5 a5 24. Bc3 Bb4 25. Bxb4 axb4 26. Re3 Qf6 27. Be4 Qa1+ 28. Kg2 Qc3 29. Qxd3 Bxe4+ 30. Qxe4 Qb2 31. Re2 Qf6 32. Qe5 Qc6+ 33. Qd5 Qc7 34. Re3 Rd8 35. Qe4 Rd2 36. Qe8+ Kh7 37. Qe4+ g6 38. Rf3 Rxa2 39. h4 h5 40. Qd5 Kg7 41. c5 Rc2 42. Qd4+ Kg8 43. Qxb4 Rxc5 44. Qe4 Rc1 45. Qe8+ Kg7 46. Qe4 Qd7 47. Qe5+ Kg8 48. Qb8+ Rc8 49. Qf4 Rc7 50. b4 Rb7 51. Kh2 Qd5 52. Re3 Qa2 53. Re8+ Kg7 54. Qe5+ f6 55. Re7+ Kg8 56. Re8+ Kf7 57. Qe3 Qd5 58. Rc8 Qd7 59. Rc4 Kg7 60. Re4 Qd6 61. b5 Rxb5 62. Re7+ Kf8 63. Ra7 g5 64. hxg5 Rxg5 65. Qa3 Qxa3 66. Rxa3 Kf7 67. Ra4 Kg6 68. Kh3 Rc5 69. f4 Rc1 70. Ra2 Kf5 71. Ra5+ Ke4 72. Ra2 Ke3 73. Ra3+ Kf2 74. Ra2+ Kf3 75. Ra3+ Ke4 76. Ra4+ Kf5 77. Ra5+ Kg6 78. Ra2 Rd1 79. Kg2 Kf5 80. Kh3 Rh1+ 81. Kg2 Rb1 82. Kh3 Rb3 83. Ra5+ Ke4 84. Rxh5 f5 85. Rh8 Rb1 86. Re8+ Kf3 87. Kh4 Rb7 88. Kg5 Rf7 89. Re5 Kxg3 90. Rxf5 Rg7+ 91. Kf6 Rg4 92. Rg5 Kxf4 93. Rxg4+ Kxg4 1/2-1/2


[Site "https://www.chess.com"]

[Event "Titled Tuesday Blitz April 4 Late 2023"]
[White "Romero Ruscalleda, Josep"]
[Black "Gadimbayli, Abdulla"]
[WhiteFideId "2231859"]
[BlackFideId "13404938"]
[WhiteElo "2183"]
[BlackElo "2390"]
[Result "0-1"]
[Round "05"]
[TimeControl "180+2"]
[Date "2023.04.04"]
[WhiteClock "0:00:26"]
[BlackClock "0:00:47"]

1. e4 e5 2. Nf3 d5 3. Nxe5 Bd6 4. d4 dxe4 5. Nc4 Nf6 6. Nxd6+ Qxd6 7. Nc3 O-O 8. Bg5 Nc6 9. Be3 Rd8 10. Nb5 Qe7 11. c3 Nd5 12. Qd2 Bg4 13. Be2 Bxe2 14. Qxe2 a6 15. Na3 Nxc3 16. bxc3 Qxa3 17. Qd2 Ne5 18. O-O Nc4 19. Qc2 Qe7 20. Rae1 Re8 21. Bc1 Qh4 22. Re2 Re6 23. Rfe1 Rae8 24. a4 h6 25. Qb3 Nd6 26. Qd5 c6 27. Qc5 Rg6 28. d5 Qh3 29. f3 exf3 30. Rxe8+ Nxe8 31. Rxe8+ Kh7 32. g3 Qg2# 0-1


[Site "https://www.chess.com"]

[Event "Titled Tuesday Blitz April 4 Late 2023"]
[White "Papasimakopoulos, Alexandros"]
[Black "feuervogel1000000"]
[WhiteFideId "4244125"]
[WhiteElo "2359"]
[BlackElo "2284"]
[Result "1-0"]
[Round "05"]
[TimeControl "180+2"]
[Date "2023.04.04"]
[WhiteClock "0:00:28"]
[BlackClock "0:00:02"]

1. d4 Nf6 2. c4 e6 3. Nc3 Bb4 4. Qc2 O-O 5. a3 Bxc3+ 6. Qxc3 d5 7. Nf3 b6 8. cxd5 exd5 9. Bg5 Re8 10. e3 Bg4 11. Ne5 Bh5 12. Bb5 Re6 13. Rc1 c6 14. Bd3 Bg6 15. O-O Bxd3 16. Nxd3 Nbd7 17. b4 Qe8 18. Qc2 Ne4 19. Bh4 Rh6 20. Bg3 Nxg3 21. hxg3 Qe7 22. Nf4 Re8 23. b5 cxb5 24. Nxd5 Qg5 25. Nf4 Nf6 26. Qc6 Rf8 27. Qf3 Ng4 28. Rc7 Nh2 29. Qd5 Qxd5 30. Nxd5 Nxf1 31. Kxf1 Rd6 32. Ne7+ Kh8 33. Rxa7 Re6 34. Nd5 g6 35. Nc7 Re7 36. d5 Rc8 37. d6 Rd7 38. Nxb5 Rxa7 39. Nxa7 Rd8 40. Nb5 Rd7 41. Ke2 Kg7 42. Kd3 Kf6 43. e4 Ke6 44. f4 f5 45. e5 Kd5 46. Nc3+ Kc6 47. Kc4 Ra7 48. a4 Ra5 49. Kb4 Rc5 50. Nb5 Rd5 51. Kc4 Rc5+ 52. Kd3 Rd5+ 53. Kc3 Rc5+ 54. Kb3 Rd5 55. Nc3 Rd2 56. Nb5 Rd3+ 57. Kc4 Rd1 58. e6 Rc1+ 59. Kd4 Rd1+ 60. Ke5 Re1+ 61. Kf6 Re4 62. d7 Kb7 63. d8=Q Ka6 64. Qa8# 1-0


[Site "https://www.chess.com"]

[Event "Titled Tuesday Blitz April 4 Late 2023"]
[White "Bortnyk, Olexandr"]
[Black "Arun, Siddharth"]
[WhiteFideId "14120828"]
[BlackFideId "2079178"]
[WhiteElo "2734"]
[BlackElo "2343"]
[Result "1-0"]
[Round "05"]
[TimeControl "180+2"]
[Date "2023.04.04"]
[WhiteClock "0:01:34"]
[BlackClock "0:01:18"]

1. d4 d5 2. Nc3 Nf6 3. Bf4 a6 4. e3 b5 5. a3 e6 6. b4 Bb7 7. Nf3 Nbd7 8. Bd3 Bd6 9. Ne5 h6 10. Qf3 Qe7 11. h4 Nf8 12. h5 Bxe5 13. Bxe5 N8d7 14. Bxc7 Rc8 15. Qg3 Rg8 16. Bd6 Qd8 17. Bc5 Nxc5 18. dxc5 d4 19. exd4 Qxd4 20. Be2 Bxg2 21. Rh4 Ne4 22. Rxe4 Bxe4 23. Rd1 1-0


[Site "https://www.chess.com"]

[Event "Titled Tuesday Blitz April 4 Late 2023"]
[White "Xiong, Jeffery"]
[Black "cryptoguru02"]
[WhiteFideId "2047640"]
[WhiteElo "2726"]
[BlackElo "2604"]
[Result "1-0"]
[Round "05"]
[TimeControl "180+2"]
[Date "2023.04.04"]
[WhiteClock "0:00:27"]
[BlackClock "0:00:03"]

1. e4 e5 2. Nf3 Nc6 3. Nc3 Nf6 4. d4 exd4 5. Nxd4 Bb4 6. Nxc6 bxc6 7. Bd3 O-O 8. O-O d5 9. exd5 Bg4 10. Ne2 cxd5 11. h3 Bh5 12. c4 c6 13. Be3 Ba5 14. Qc2 Bb6 15. c5 Bc7 16. Nd4 Qe8 17. Rfe1 Bg6 18. b4 Qd7 19. a4 a6 20. Bf5 Bxf5 21. Qxf5 Qxf5 22. Nxf5 Rfe8 23. Bd4 Kf8 24. Kf1 Rab8 25. Rab1 Rxe1+ 26. Kxe1 Ne8 27. Ba1 Ba5 28. Bc3 Bc7 29. Nd4 Rc8 30. Nxc6 Bf4 31. b5 axb5 32. axb5 Nc7 33. Na7 Ra8 34. b6 Na6 35. c6 Ke7 36. Bd4 Kd6 37. c7 Nxc7 38. bxc7 Kxc7 39. Nb5+ Kc6 40. Nc3 f6 41. Rb6+ Kd7 42. Nxd5 Ra2 43. Nxf4 Ke8 44. Rb7 Kf8 45. Ne6+ Kg8 46. Rxg7+ Kh8 47. Bxf6 1-0


[Site "https://www.chess.com"]

[Event "Titled Tuesday Blitz April 4 Late 2023"]
[White "Hansen, Eric"]
[Black "Goroshkov, Maksym"]
[WhiteFideId "2606771"]
[BlackFideId "14142716"]
[WhiteElo "2561"]
[BlackElo "2322"]
[Result "1-0"]
[Round "05"]
[TimeControl "180+2"]
[Date "2023.04.04"]
[WhiteClock "0:00:02"]
[BlackClock "0:00:02"]

1. d4 Nf6 2. c4 d6 3. Nf3 g6 4. Nc3 Bg7 5. e4 O-O 6. h3 c5 7. d5 e6 8. Bd3 exd5 9. exd5 Re8+ 10. Be3 Bf5 11. Bxf5 gxf5 12. O-O Ne4 13. Ne2 Nd7 14. Nf4 Ne5 15. Nxe5 Bxe5 16. Nd3 Qf6 17. Nxe5 Qxe5 18. Qc1 Kh8 19. Bf4 Qd4 20. Qc2 Rg8 21. Rad1 Qg7 22. f3 Ng3 23. Rfe1 Rad8 24. Qc3 Qxc3 25. bxc3 Nh5 26. Bc1 Rde8 27. Rxe8 Rxe8 28. g4 fxg4 29. hxg4 Nf6 30. Bf4 Rd8 31. Re1 Re8 32. Rb1 b6 33. Bxd6 Kg7 34. Kf2 Rd8 35. Be5 Kg6 36. Rh1 b5 37. d6 bxc4 38. Rb1 Nd5 39. Rb7 a5 40. Ra7 f6 41. Bg3 f5 42. gxf5+ Kxf5 43. Rxa5 Ke6 44. Rxc5 Nxc3 45. Rxc4 Nxa2 46. Ke3 Rb8 47. Kd2 Rb2+ 48. Ke3 Rb3+ 49. Kf2 Nb4 50. Re4+ Kd7 51. Re7+ Kc6 52. Rc7+ Kb6 53. d7 Rd3 54. Kf1 Nd5 55. Ke2 Rd4 56. Rc8 1-0


[Site "https://www.chess.com"]

[Event "Titled Tuesday Blitz April 4 Late 2023"]
[White "Jocev, Milan"]
[Black "Grigoriants, Sergey"]
[WhiteFideId "900680"]
[BlackFideId "4130804"]
[WhiteElo "2304"]
[BlackElo "2502"]
[Result "1/2-1/2"]
[Round "05"]
[TimeControl "180+2"]
[Date "2023.04.04"]
[WhiteClock "0:00:22"]
[BlackClock "0:00:14"]

1. Nf3 d5 2. d4 Nf6 3. c4 c6 4. cxd5 cxd5 5. Nc3 a6 6. Bf4 Nc6 7. e3 Bg4 8. Bd3 e6 9. O-O Bd6 10. Bxd6 Qxd6 11. h3 Bh5 12. Rc1 O-O 13. Be2 Rac8 14. Nd2 Bxe2 15. Qxe2 Rc7 16. Nb3 Rfc8 17. a3 h6 18. Rc2 e5 19. dxe5 Qxe5 20. Rfc1 d4 21. exd4 Qg5 22. Ne4 Nxe4 23. Qxe4 Re7 24. Qg4 Qxg4 25. hxg4 Rd8 26. Rd2 Red7 27. Rcd1 a5 28. Nc5 Rxd4 29. Rxd4 Nxd4 30. Kf1 b6 31. Na4 b5 32. Nc3 Rd6 33. b4 axb4 34. axb4 Kf8 35. Ne4 Rd8 36. f3 Ke7 37. Nc3 Rd6 38. Kf2 g6 39. Re1+ Re6 40. Rxe6+ Kxe6 41. Ke3 Nc2+ 42. Kd2 Nxb4 43. Nxb5 Nd5 44. Ke2 Ke5 45. Na3 f5 46. gxf5 1/2-1/2


[Site "https://www.chess.com"]

[Event "Titled Tuesday Blitz April 4 Late 2023"]
[White "Mendez Fortes, Eduardo Jesus"]
[Black "Somalianwarrior2006"]
[WhiteFideId "3502376"]
[WhiteElo "2307"]
[BlackElo "2860"]
[Result "1/2-1/2"]
[Round "05"]
[TimeControl "180+2"]
[Date "2023.04.04"]
[WhiteClock "0:00:08"]
[BlackClock "0:00:04"]

1. e4 c5 2. Nf3 e6 3. d4 cxd4 4. Nxd4 Nc6 5. Nc3 Nf6 6. Ndb5 Bb4 7. a3 Bxc3+ 8. Nxc3 d5 9. exd5 exd5 10. Bd3 Bg4 11. f3 Bh5 12. O-O O-O 13. Ne2 Re8 14. Kh1 Ne5 15. Nf4 Bg6 16. Nxg6 hxg6 17. Bb5 Re6 18. Be3 Nc4 19. Bd4 Ne3 20. Bxe3 Rxe3 21. Qd4 Qe7 22. Bd3 Re8 23. Qxa7 Nh5 24. Qd4 Qg5 25. a4 Nf4 26. g3 Nxd3 27. cxd3 Re2 28. Rf2 Qd2 29. Raf1 R8e3 30. Kg2 Rxd3 31. Qb6 Kh7 32. Qxb7 Rxf2+ 33. Rxf2 Qe1 34. Qc8 f5 35. Qd8 Rd4 36. a5 Rd1 37. Qh4+ Kg8 38. Qd8+ Kf7 39. Qd7+ Kf6 40. Qd6+ Kf7 41. Qc7+ Ke8 42. Qb8+ Kd7 43. Qb7+ Kd6 44. Qb6+ Ke5 45. Qc7+ Kd4 46. Qb6+ Ke5 47. Qc7+ Kf6 48. Qd8+ Kf7 49. Qd7+ Kg8 50. Qd8+ Kf7 1/2-1/2


[Site "https://www.chess.com"]

[Event "Titled Tuesday Blitz April 4 Late 2023"]
[White "Drori, Saar"]
[Black "Lamard, Guillaume"]
[WhiteFideId "2812444"]
[BlackFideId "600261"]
[WhiteElo "2322"]
[BlackElo "2413"]
[Result "0-1"]
[Round "05"]
[TimeControl "180+2"]
[Date "2023.04.04"]
[WhiteClock "0:00:01"]
[BlackClock "0:00:27"]

1. e4 c5 2. Nf3 d6 3. d4 cxd4 4. Nxd4 Nf6 5. Nc3 a6 6. g3 e5 7. Nde2 Be7 8. Bg2 O-O 9. O-O b5 10. a4 b4 11. Nd5 a5 12. Be3 Nbd7 13. h3 Ba6 14. Qd2 Nxd5 15. exd5 Rc8 16. Rfc1 Nc5 17. b3 Qd7 18. Rab1 Rc7 19. c3 Rfc8 20. c4 f5 21. Re1 Rf8 22. f4 Bf6 23. fxe5 Bxe5 24. Bf4 Rcc8 25. Nd4 Bxd4+ 26. Qxd4 Rce8 27. Qd2 Rxe1+ 28. Qxe1 Re8 29. Qf2 Qe7 30. Rd1 Nxb3 31. Qb6 Bxc4 32. Bxd6 Qe2 33. Rb1 Nd2 34. Rc1 b3 35. Qc6 b2 36. Rf1 b1=Q 0-1


[Site "https://www.chess.com"]

[Event "Titled Tuesday Blitz April 4 Late 2023"]
[White "Gontcharov, Vladislav"]
[Black "Aydincelebi, Kagan"]
[WhiteFideId "4123492"]
[BlackFideId "6361102"]
[WhiteElo "2420"]
[BlackElo "2180"]
[Result "0-1"]
[Round "05"]
[TimeControl "180+2"]
[Date "2023.04.04"]
[WhiteClock "0:01:20"]
[BlackClock "0:02:26"]

1. d4 Nf6 2. c4 e6 3. Nc3 c5 4. e3 cxd4 5. exd4 d5 6. Nf3 Be7 7. Bd3 O-O 8. O-O dxc4 9. Bxc4 a6 10. Qe2 b5 11. Bd3 Bb7 12. Rd1 Nbd7 13. a3 Nb6 14. Bd2 Nbd5 15. Rac1 Rc8 16. Bb1 Nxc3 17. Bxc3 Qd5 18. Rd3 Qh5 19. h3 Be4 20. Re3 Bxb1 21. Rxb1 Nd5 22. Re5 Qg6 23. Ne1 Qxb1 24. Rxd5 exd5 25. g3 Bf6 0-1


[Site "https://www.chess.com"]

[Event "Titled Tuesday Blitz April 4 Late 2023"]
[White "Hirneise, Jens"]
[Black "Krallis, Christos"]
[WhiteFideId "24614734"]
[BlackFideId "4298896"]
[WhiteElo "2345"]
[BlackElo "2243"]
[Result "1-0"]
[Round "05"]
[TimeControl "180+2"]
[Date "2023.04.04"]
[WhiteClock "0:00:09"]
[BlackClock "0:00:02"]

1. Nf3 b6 2. b3 Bb7 3. Bb2 Nf6 4. g3 e6 5. Bg2 c5 6. O-O Be7 7. d4 cxd4 8. Qxd4 O-O 9. c4 Nc6 10. Qf4 Qb8 11. Qxb8 Raxb8 12. Nc3 Rfd8 13. Rfd1 d5 14. cxd5 Nxd5 15. Nxd5 exd5 16. Ne5 Nxe5 17. Bxe5 Rbc8 18. Rac1 Bc5 19. e3 f6 20. Bb2 Kf7 21. a3 a5 22. Rd2 g6 23. Rcd1 Ke6 24. e4 d4 25. Bh3+ f5 26. exf5+ gxf5 27. g4 Kf6 28. b4 axb4 29. axb4 Bxb4 30. Rxd4 Rxd4 31. Bxd4+ Kf7 32. Bxb6 fxg4 33. Bxg4 Rc4 34. Rd7+ Ke8 35. Rxb7 Rxg4+ 36. Kf1 Be7 37. Bc7 h5 38. h3 Ra4 39. Be5 h4 40. Kg2 Re4 41. Rb5 Kf7 42. Kf3 Ra4 43. Bf4 Ke6 44. Be3 Bf6 45. Rh5 Kf7 46. Rh6 Kg7 47. Rh5 Kg6 48. Rb5 Ra3 49. Rb1 Ra4 50. Rg1+ Kf5 51. Rg4 Ra1 52. Rf4+ Ke6 53. Rxf6+ 1-0


[Site "https://www.chess.com"]